TOP OF THE 1ST |
Seattle Mariners batting - Pitching for Houston Astros : RHP Odrisamer Despaigne
|
Pitching: RHP Odrisamer Despaigne
|
|
Batting: LHB Ben Revere
|
0-0: Foul Ball, location: 2F 0-1: SINGLE (Line Drive, 5D, EV 98.8 MPH)
|
Batting: LHB Brandon Nimmo
|
0-0: Ball 1-0: Foul Ball, location: 2F 1-1: Ball 2-1: Ball 3-1: Grounds into double play, 1-6-3 (Groundball, P, EV 86.3 MPH)
|
Batting: RHB Manny Machado
|
0-0: Swinging Strike 0-1: Ball 1-1: SINGLE (Line Drive, 9S, EV 105.6 MPH)
|
Batting: RHB Brian Dozier
|
0-0: Called Strike 0-1: Fielders Choice at 2nd, 6-4 (Groundball, 6, EV 85.6 MPH)
|
Top of the 1st over - 0 runs, 2 hits, 0 errors, 1 left on base; Seattle 0 - Houston 0 |
BOTTOM OF THE 1ST |
Houston Astros batting - Pitching for Seattle Mariners : RHP Luis M. Castillo
|
Pitching: RHP Luis M. Castillo
|
|
Batting: SHB Jorge Polanco
|
0-0: Called Strike 0-1: Bunt for hit to 2R - play at first, batter OUT! 2-3
|
Batting: SHB Ben Zobrist
|
0-0: Ball 1-0: SOLO HOME RUN (Flyball, 9LD, EV 100.6 MPH), Distance : 330 ft
|
Batting: LHB Rougned Odor
|
0-0: Ball 1-0: Foul Ball, location: 2F 1-1: Ball 2-1: Swinging Strike 2-2: Strikes out looking
|
Batting: RHB Edwin Encarnacion
|
0-0: Ball 1-0: Called Strike 1-1: Ground out 6-3 (Groundball, 6, EV 103.1 MPH)
|
Bottom of the 1st over - 1 run, 1 hit, 0 errors, 0 left on base; Seattle 0 - Houston 1 |
TOP OF THE 2ND |
Seattle Mariners batting - Pitching for Houston Astros : RHP Odrisamer Despaigne
|
Batting: RHB Matt Kemp
|
0-0: Called Strike 0-1: Swinging Strike 0-2: Strikes out swinging
|
Batting: LHB Rowdy Tellez
|
0-0: Called Strike 0-1: Foul Ball, location: 2F 0-2: Ball 1-2: SOLO HOME RUN (Flyball, 9D, EV 88.8 MPH), Distance : 389 ft
|
Batting: SHB Anthony Santander
|
0-0: Called Strike 0-1: Ball 1-1: Called Strike 1-2: Strikes out looking
|
Batting: SHB Jonah Heim
|
0-0: Foul Ball, location: 2F 0-1: Ball 1-1: Called Strike 1-2: Fly out, F9 (Flyball, 89S, EV 86.9 MPH)
|
Top of the 2nd over - 1 run, 1 hit, 0 errors, 0 left on base; Seattle 1 - Houston 1 |
BOTTOM OF THE 2ND |
Houston Astros batting - Pitching for Seattle Mariners : RHP Luis M. Castillo
|
Batting: RHB Trey Mancini
|
0-0: Foul Ball, location: 2F 0-1: Ball 1-1: Swinging Strike 1-2: Strikes out swinging
|
Batting: LHB Jason Heyward
|
0-0: Foul Ball, location: 2F 0-1: Called Strike 0-2: Ball 1-2: Ball 2-2: Ball 3-2: Strikes out looking
|
Batting: SHB Tucker Barnhart
|
0-0: Ball 1-0: Ball 2-0: Swinging Strike 2-1: Ball 3-1: Called Strike 3-2: Foul Ball, location: 2F 3-2: Foul Ball, location: 2F 3-2: Strikes out looking
|
Bottom of the 2nd over - 0 runs, 0 hits, 0 errors, 0 left on base; Seattle 1 - Houston 1 |
TOP OF THE 3RD |
Seattle Mariners batting - Pitching for Houston Astros : RHP Odrisamer Despaigne
|
Batting: LHB Eric Sogard
|
0-0: Ball 1-0: Foul Ball, location: 2F 1-1: Ball 2-1: Called Strike 2-2: Ball 3-2: Base on Balls
|
Batting: LHB Ben Revere
|
0-0: Called Strike 0-1: Ball Wild Pitch! Eric Sogard to second 1-1: Called Strike 1-2: Foul Ball, location: 2F 1-2: Ball 2-2: Ball 3-2: Ground out 4-3 (Groundball, 4, EV 106.3 MPH) Eric Sogard to third
|
Batting: LHB Brandon Nimmo
|
0-0: Ball 1-0: Called Strike 1-1: Ball 2-1: Swinging Strike 2-2: Foul Ball, location: 2F 2-2: Strikes out swinging
|
Batting: RHB Manny Machado
|
0-0: Ball 1-0: Swinging Strike 1-1: Ball 2-1: Ground out 5-3 (Groundball, 56S, EV 68.8 MPH)
|
Top of the 3rd over - 0 runs, 0 hits, 0 errors, 1 left on base; Seattle 1 - Houston 1 |
BOTTOM OF THE 3RD |
Houston Astros batting - Pitching for Seattle Mariners : RHP Luis M. Castillo
|
Batting: RHB Brian W. Anderson
|
0-0: Called Strike 0-1: Ball 1-1: Called Strike 1-2: Fly out, F9 (Line Drive, 9D, EV 101.3 MPH)
|
Batting: RHB Jorge Bonifacio
|
0-0: Bunt for hit to 13S - play at first, batter OUT! 1-3
|
Batting: SHB Jorge Polanco
|
0-0: DOUBLE (Flyball, 8RXD, EV 108.8 MPH)
|
Batting: SHB Ben Zobrist
|
0-0: Called Strike 0-1: Foul Ball, location: 2F 0-2: Ball 1-2: Strikes out swinging
|
Bottom of the 3rd over - 0 runs, 1 hit, 0 errors, 1 left on base; Seattle 1 - Houston 1 |
TOP OF THE 4TH |
Seattle Mariners batting - Pitching for Houston Astros : RHP Odrisamer Despaigne
|
Batting: RHB Brian Dozier
|
0-0: Ball 1-0: DOUBLE (Line Drive, 89D, EV 105.6 MPH)
|
Batting: RHB Matt Kemp
|
0-0: Swinging Strike 0-1: Ball 1-1: Ball 2-1: Fly out, F8 (Flyball, 8LM, EV 90.0 MPH) Runner from 2nd tags up, SAFE at 3rd with throw by CF
|
Batting: LHB Rowdy Tellez
|
0-0: Ball 1-0: Ball 2-0: Ball 3-0: Called Strike 3-1: SINGLE (Flyball, 4D, EV 93.1 MPH) Brian Dozier scores
|
Batting: SHB Anthony Santander
|
0-0: Foul Ball, location: 2F 0-1: Foul Ball, location: 2F 0-2: Ball 1-2: Grounds into double play, U6-3 (Groundball, 4M, EV 105.6 MPH)
|
Top of the 4th over - 1 run, 2 hits, 0 errors, 0 left on base; Seattle 2 - Houston 1 |
BOTTOM OF THE 4TH |
Houston Astros batting - Pitching for Seattle Mariners : RHP Luis M. Castillo
|
Batting: LHB Rougned Odor
|
0-0: Ball 1-0: Foul Ball, location: 2F 1-1: Ground out 4-3 (Groundball, 4, EV 103.8 MPH)
|
Batting: RHB Edwin Encarnacion
|
0-0: Swinging Strike 0-1: Ball 1-1: SINGLE (Groundball, 56D, EV 97.5 MPH)
|
Batting: RHB Trey Mancini
|
0-0: Called Strike 0-1: Foul Ball, location: 2F 0-2: Grounds into double play, 6-4-3 (Groundball, 56, EV 106.9 MPH)
|
Bottom of the 4th over - 0 runs, 1 hit, 0 errors, 0 left on base; Seattle 2 - Houston 1 |
TOP OF THE 5TH |
Seattle Mariners batting - Pitching for Houston Astros : RHP Odrisamer Despaigne
|
Batting: SHB Jonah Heim
|
0-0: Ball 1-0: Ball 2-0: Swinging Strike 2-1: Ground out 4-3 (Groundball, 4S, EV 68.1 MPH)
|
Batting: LHB Eric Sogard
|
0-0: Called Strike 0-1: Ball 1-1: Called Strike 1-2: Strikes out swinging
|
Batting: LHB Ben Revere
|
0-0: DOUBLE (Line Drive, 9LM, EV 106.9 MPH)
|
Batting: LHB Brandon Nimmo
|
0-0: Called Strike 0-1: SINGLE (Groundball, 4MD, EV 106.3 MPH) Ben Revere to third Runner from 3rd tries for Home, SAFE, throw by CF to home Brandon Nimmo to second
|
Batting: RHB Manny Machado
|
0-0: Ball 1-0: Ball 2-0: Called Strike 2-1: Ball 3-1: Base on Balls
|
Batting: RHB Brian Dozier
|
0-0: SINGLE (Groundball, 56D, EV 95.0 MPH) Brandon Nimmo to third Manny Machado to second Runner from 3rd tries for Home, SAFE, throw by LF to home
|
Batting: RHB Matt Kemp
|
0-0: Called Strike 0-1: Foul Ball, location: 2F 0-2: Ball 1-2: Foul Ball, location: 2F 1-2: SINGLE (Flyball, 8RS, EV 90.6 MPH) Manny Machado to third Brian Dozier to second Runner from 3rd tries for Home, SAFE, throw by CF to home
|
Pitching: RHP Jeff Hoffman
|
|
Batting: LHB Rowdy Tellez
|
0-0: Called Strike 0-1: Fly out, F9 (Flyball, 9S, EV 97.5 MPH)
|
Top of the 5th over - 3 runs, 4 hits, 0 errors, 2 left on base; Seattle 5 - Houston 1 |
BOTTOM OF THE 5TH |
Houston Astros batting - Pitching for Seattle Mariners : RHP Luis M. Castillo
|
Batting: LHB Jason Heyward
|
0-0: Foul Ball, location: 2F 0-1: Called Strike 0-2: Ball 1-2: Fly out, F4 (Flyball, 34D, EV 91.9 MPH)
|
Batting: SHB Tucker Barnhart
|
0-0: Foul Ball, location: 2F 0-1: Ball 1-1: Ball 2-1: SINGLE (Line Drive, 7LM, EV 98.8 MPH)
|
Batting: RHB Brian W. Anderson
|
0-0: Fielders Choice at 2nd, 1-6 (Groundball, 13, EV 80.0 MPH)
|
Batting: RHB Jorge Bonifacio
|
0-0: SINGLE (Groundball, 6D, EV 111.3 MPH) Brian W. Anderson to second
|
Batting: SHB Jorge Polanco
|
0-0: Called Strike 0-1: Foul Ball, location: 2F 0-2: Ball 1-2: Strikes out swinging
|
Bottom of the 5th over - 0 runs, 2 hits, 0 errors, 2 left on base; Seattle 5 - Houston 1 |
TOP OF THE 6TH |
Seattle Mariners batting - Pitching for Houston Astros : RHP Jeff Hoffman
|
Batting: SHB Anthony Santander
|
0-0: Called Strike 0-1: Swinging Strike 0-2: Strikes out looking
|
Batting: SHB Jonah Heim
|
0-0: Fly out, F7 (Flyball, 7S, EV 89.4 MPH)
|
Batting: LHB Eric Sogard
|
0-0: Ball 1-0: Fly out, F8 (Flyball, 78M, EV 90.0 MPH)
|
Top of the 6th over - 0 runs, 0 hits, 0 errors, 0 left on base; Seattle 5 - Houston 1 |
BOTTOM OF THE 6TH |
Houston Astros batting - Pitching for Seattle Mariners : RHP Luis M. Castillo
|
Batting: SHB Ben Zobrist
|
0-0: Ball 1-0: Ball 2-0: Foul Ball, location: 2F 2-1: Swinging Strike 2-2: Foul Ball, location: 2F 2-2: Foul Ball, location: 2F 2-2: Ball 3-2: Ground out U3 (Groundball, 3S, EV 84.4 MPH)
|
Batting: LHB Rougned Odor
|
0-0: Fly out, F9 (Flyball, 89S, EV 86.3 MPH)
|
Batting: RHB Edwin Encarnacion
|
0-0: Ball 1-0: Called Strike 1-1: Ball 2-1: Foul Ball, location: 2F 2-2: Ball 3-2: Strikes out swinging
|
Bottom of the 6th over - 0 runs, 0 hits, 0 errors, 0 left on base; Seattle 5 - Houston 1 |
TOP OF THE 7TH |
Seattle Mariners batting - Pitching for Houston Astros : RHP Jeff Hoffman
|
Batting: LHB Ben Revere
|
0-0: SINGLE (Line Drive, 7S, EV 95.6 MPH)
|
Batting: LHB Brandon Nimmo
|
0-0: Ball 1-0: Reached on error, E4 (Groundball, 4, EV 98.1 MPH) Ben Revere to second
|
Batting: RHB Manny Machado
|
0-0: Ball 1-0: Foul Ball, location: 2F 1-1: Foul Ball, location: 2F 1-2: Foul Ball, location: 2F 1-2: Fly out, F8 (Flyball, 8RM, EV 91.3 MPH)
|
Batting: RHB Brian Dozier
|
0-0: Ball 1-0: Called Strike 1-1: Grounds into double play, 5-4-3 (Groundball, 5S, EV 86.3 MPH)
|
Top of the 7th over - 0 runs, 1 hit, 1 error, 1 left on base; Seattle 5 - Houston 1 |
BOTTOM OF THE 7TH |
Houston Astros batting - Pitching for Seattle Mariners : RHP Luis M. Castillo
|
Batting: RHB Trey Mancini
|
0-0: Foul Ball, location: 2F 0-1: DOUBLE (Line Drive, 7LM, EV 106.3 MPH)
|
Batting: LHB Jason Heyward
|
0-0: Called Strike 0-1: Ball 1-1: Ball 2-1: SINGLE (Flyball, 9LS, EV 96.3 MPH) Trey Mancini to third
|
Batting: SHB Tucker Barnhart
|
0-0: Called Strike 0-1: Swinging Strike 0-2: Ball 1-2: Strikes out swinging
|
Batting: RHB Brian W. Anderson
|
0-0: Foul Ball, location: 2F 0-1: Foul Ball, location: 2F 0-2: Ball 1-2: Grounds into double play, 6-4-3 (Groundball, 6M, EV 104.4 MPH)
|
Bottom of the 7th over - 0 runs, 2 hits, 0 errors, 1 left on base; Seattle 5 - Houston 1 |
TOP OF THE 8TH |
Seattle Mariners batting - Pitching for Houston Astros : RHP Jeff Hoffman
|
Batting: RHB Matt Kemp
|
0-0: Ball 1-0: Ball 2-0: Called Strike 2-1: Ground out 4-3 (Groundball, 4, EV 104.4 MPH)
|
Batting: LHB Rowdy Tellez
|
0-0: SINGLE (Groundball, 4MD, EV 99.4 MPH)
|
Batting: SHB Anthony Santander
|
0-0: Called Strike 0-1: DOUBLE (Line Drive, 89XD, EV 103.1 MPH) Rowdy Tellez to third
|
Batting: SHB Jonah Heim
|
0-0: Ball Wild Pitch! Rowdy Tellez scores Anthony Santander to third 1-0: SINGLE (Groundball, 5D, EV 106.9 MPH) Anthony Santander scores
|
Batting: LHB Eric Sogard
|
0-0: Swinging Strike 0-1: Ball 1-1: Called Strike 1-2: Foul Ball, location: 2F 1-2: Foul Ball, location: 2F 1-2: Foul Ball, location: 2F 1-2: Ball 2-2: Ball 3-2: Foul Ball, location: 2F 3-2: Strikes out swinging
|
Batting: LHB Ben Revere
|
0-0: Ball 1-0: Ball 2-0: Called Strike 2-1: Fielders Choice at 2nd, 5-4 (Groundball, 5L, EV 91.9 MPH)
|
Top of the 8th over - 2 runs, 3 hits, 0 errors, 1 left on base; Seattle 7 - Houston 1 |
BOTTOM OF THE 8TH |
Houston Astros batting - Pitching for Seattle Mariners : RHP Luis M. Castillo
|
Pitching: RHP Emilio Pagan
|
|
Batting: RHB Jorge Bonifacio
|
0-0: Ball 1-0: Ball 2-0: Swinging Strike 2-1: Foul Ball, location: 2F 2-2: Fly out, F7 (Line Drive, 7, EV 93.1 MPH)
|
Batting: SHB Jorge Polanco
|
0-0: Called Strike 0-1: Swinging Strike 0-2: Foul Ball, location: 2F 0-2: SOLO HOME RUN (Flyball, 9LD, EV 96.3 MPH), Distance : 355 ft
|
Batting: SHB Ben Zobrist
|
0-0: Ball 1-0: Ball 2-0: Called Strike 2-1: Ball 3-1: SINGLE (Groundball, 6MD, EV 95.6 MPH)
|
Batting: LHB Rougned Odor
|
0-0: Called Strike 0-1: Ball 1-1: Foul Ball, location: 2F 1-2: Strikes out swinging
|
Batting: RHB Edwin Encarnacion
|
0-0: Called Strike 0-1: Swinging Strike 0-2: Ball 1-2: Strikes out swinging
|
Bottom of the 8th over - 1 run, 2 hits, 0 errors, 1 left on base; Seattle 7 - Houston 2 |
TOP OF THE 9TH |
Seattle Mariners batting - Pitching for Houston Astros : RHP Jeff Hoffman
|
Batting: LHB Brandon Nimmo
|
0-0: DOUBLE (Line Drive, 89XD, EV 106.9 MPH)
|
Pitching: RHP Josh Smith
|
|
Batting: RHB Manny Machado
|
0-0: Ball Wild Pitch! Brandon Nimmo to third 1-0: Called Strike 1-1: Ball 2-1: Foul Ball, location: 2F 2-2: Foul Ball, location: 2F 2-2: Strikes out looking
|
Batting: RHB Brian Dozier
|
0-0: Ball 1-0: Foul Ball, location: 2F 1-1: Ball 2-1: Foul Ball, location: 2F 2-2: Ball 3-2: Base on Balls
|
Batting: RHB Matt Kemp
|
0-0: Called Strike 0-1: 3-RUN HOME RUN (Flyball, 9LD, EV 93.8 MPH), Distance : 340 ft
|
Batting: LHB Rowdy Tellez
|
0-0: SOLO HOME RUN (Flyball, 89XD, EV 101.3 MPH), Distance : 414 ft
|
Batting: SHB Anthony Santander
|
0-0: Ball 1-0: Ground out U3 (Groundball, 3, EV 92.5 MPH)
|
Batting: SHB Jonah Heim
|
0-0: Ball 1-0: Foul Ball, location: 2F 1-1: Ball 2-1: Ball 3-1: Foul Ball, location: 2F 3-2: Foul Ball, location: 2F 3-2: Foul Ball, location: 2F 3-2: Strikes out looking
|
Top of the 9th over - 4 runs, 3 hits, 0 errors, 0 left on base; Seattle 11 - Houston 2 |
BOTTOM OF THE 9TH |
Houston Astros batting - Pitching for Seattle Mariners : RHP Emilio Pagan
|
Pinch Hitting: LHB Bradley Zimmer
|
0-0: Called Strike 0-1: Swinging Strike 0-2: Ball 1-2: Ball 2-2: Strikes out looking
|
Batting: LHB Jason Heyward
|
0-0: Ball 1-0: Ball 2-0: Called Strike 2-1: Ball 3-1: Called Strike 3-2: Foul Ball, location: 2F 3-2: Foul Ball, location: 2F 3-2: Foul Ball, location: 2F 3-2: DOUBLE (Line Drive, 9LM, EV 106.3 MPH)
|
Batting: SHB Tucker Barnhart
|
0-0: Foul Ball, location: 2F 0-1: Foul Ball, location: 2F 0-2: Foul Ball, location: 2F 0-2: Ball 1-2: Strikes out swinging
|
Batting: RHB Brian W. Anderson
|
0-0: Called Strike 0-1: Ball 1-1: SINGLE (Groundball, 25, EV 71.3 MPH) (infield hit) Jason Heyward to third
|
Batting: RHB Jorge Bonifacio
|
0-0: Foul Ball, location: 2F 0-1: Ball 1-1: Foul Ball, location: 2F 1-2: Ball 2-2: Fly out, F9 (Flyball, 9LM, EV 90.6 MPH)
|
Bottom of the 9th over - 0 runs, 2 hits, 0 errors, 2 left on base; Seattle 11 - Houston 2 |
|